 Dungeon Crawl Stone Soup version 0.30-a0-571-gdf30a72648 (webtiles) character file.

Game seed: 5745572387900525185

54400 billz999 the Basher (level 15, -6/113 HPs)
             Began as a Djinni Ice Elementalist on Dec 30, 2022.
             Was the Champion of Makhleb.
             Constricted to death by Jorgrun (13 damage)
             ... on level 1 of the Orcish Mines.
             The game lasted 01:00:34 (22659 turns).

billz999 the Basher (Djinni Ice Elementalist)      Turns: 22659, Time: 01:00:34

Health: -6/113     AC:  8    Str:  7    XL:     15   Next: 13%
Gold:   1428       EV:  9    Int: 34    God:    Makhleb [******] SH:  0 Dex: 16

rFire   + + .      SeeInvis +    H - +6 flail (heavy)
rCold   x . .      Faith    +    (no shield)
rNeg    . . .      Spirit   .    U - +5 robe of Night {Dark Will+ SInv}
rPois   ∞          Reflect  .    Z - +0 hat {Will+}
rElec   .          Harm     .    j - scarf {+Inv}
rCorr   .          Rampage  .    n - +0 pair of gloves
Will    +++..                    (boots unavailable)
Stlth   ++++                     G - amulet of faith
HPRegen 0.38/turn                i - +6 ring of intelligence
MPRegen 0.00/turn                t - +6 ring of intelligence

@: marked, grasped by roots, freezing walls, flying, constricted
A: sickness immunity, fire resistance 2, cold vulnerability 1, float, innate
caster, HP casting, extra vitality 1
a: Renounce Religion, Evoke Invisibility, Minor Destruction, Lesser Servant of
Makhleb, Major Destruction, Greater Servant of Makhleb


You were on level 1 of the Orcish Mines.
You worshipped Makhleb.
Makhleb was exalted by your worship.
You visited 4 branches of the dungeon, and saw 19 of its levels.

You collected 1483 gold pieces.
You spent 55 gold pieces at shops.

Inventory:

Hand Weapons
 H - a +6 heavy flail (weapon)
Missiles
 s - 4 throwing nets
Armour
 a - a +0 robe
 j - a scarf of invisibility (worn)
 n - a +0 pair of gloves (worn)
 U - the +5 robe of Night (worn) {Dark Will+ SInv}
   (You found it on level 8 of the Dungeon)

   It shrouds the wearer in darkness, reducing the range at which they can see
   and be seen by others.
   SInv:      It lets you see invisible.
   Will:      It increases your willpower.
 Z - a +0 hat of willpower (worn)
Magical Staves
 y - a staff of death
Jewellery
 c - a ring of protection from cold
 i - a +6 ring of intelligence (left hand)
 m - a ring of wizardry
 t - a +6 ring of intelligence (right hand)
 v - a ring of ice
 D - an amulet of the acrobat
 G - an amulet of faith (around neck)
 K - a ring of see invisible
 Q - an amulet of regeneration
 T - a +5 ring of evasion
 V - the ring "Riudwab" {rN+++ EV+5 Str+4 Dex-5}
   (You found it on level 4 of the Lair of Beasts)

   [ring of evasion]

   EV:        It affects your evasion (+5).
   Str:       It affects your strength (+4).
   Dex:       It affects your dexterity (-5).
   rN:        It renders you almost immune to negative energy.
 X - an amulet of reflection
 Y - a ring of positive energy
Wands
 d - a wand of iceblast (11)
 J - a wand of digging (8)
 M - a wand of flame (17)
 N - a wand of paralysis (14)
Scrolls
 e - 3 scrolls of fear
 f - 4 scrolls of magic mapping
 g - 4 scrolls of enchant weapon
 l - 9 scrolls of teleportation
 q - 3 scrolls of enchant armour
 r - 5 scrolls of fog
 x - 6 scrolls of poison
 B - 4 scrolls of vulnerability
 L - 2 scrolls of summoning
 O - a scroll of blinking
 P - a scroll of brand weapon
 S - 7 scrolls of identify
Potions
 b - 2 potions of magic
 h - 4 potions of haste
 p - 3 potions of brilliance
 u - 11 potions of curing
 w - 3 potions of might {unknown}
 z - 4 potions of berserk rage {unknown}
 A - 3 potions of attraction
 C - 6 potions of mutation {unknown}
 E - 2 potions of flight {unknown}
 F - 2 potions of lignification {unknown}
 I - a potion of degeneration {unknown}
 R - a potion of resistance
 W - 3 potions of heal wounds


   Skills:
 - Level 12.5 Fighting
 - Level 14.0 Maces & Flails
 - Level 2.1 Dodging
 - Level 10.0 Stealth
 + Level 7.6 Spellcasting
 - Level 6.0 Invocations


You couldn't memorise any spells.
You knew the following spells:

 Your Spells              Type           Power      Damage    Failure   Level
a - Freeze                Ice            100%       1d10      1%          1
b - Frozen Ramparts       Ice            100%       1d16      1%          3
c - Ozocubu's Armour      Ice            60%        N/A       1%          3
d - Summon Ice Beast      Ice/Summ       60%        N/A       1%          4
e - Foxfire               Conj/Fire      100%       2x1d9     1%          1
f - Passwall              Tmut/Erth      50%        N/A       1%          2
g - Mephitic Cloud        Conj/Pois/Air  60%        N/A       1%          3
h - Summon Guardian Gole  Hex/Summ       60%        N/A       1%          3
i - Freezing Cloud        Conj/Ice/Air   30%        6-21      4%          5
j - Summon Mana Viper     Hex/Summ       60%        N/A       4%          5
k - Eringya's Noxious Bo  Tmut/Pois      30%        N/A       22%         6
Your spell library was empty.

Dungeon Overview and Level Annotations

Branches:
Dungeon (12/15)            Temple (1/1) D:6            Lair (5/5) D:9
  Swamp (0/4) Lair:2       Spider (0/4) Lair:3        Slime (0/5) Lair:5
    Orc (1/2) D:11

Altars:
Ashenzari
Cheibriados
Dithmenos
Elyvilon
Fedhas
Gozag
Hepliaklqana
Makhleb
Nemelex Xobeh
Okawaru
Qazlal
Ru
Trog
Uskayaw
Wu Jian
Xom
Yredelemnul
Zin
The Shining One
Jiyva

Shops:
D:1 (!   D:6 (   D:9 *

Annotations:
Orc:1 Jorgrun


Innate Abilities, Weirdness & Mutations

You are immune to sickness and miasma.
You are immune to poison.
Your flesh is very heat resistant. (rF++)
You are vulnerable to cold. (rC-)
You float through the air rather than walking.
You learn spells naturally, not from books.
Your magical power is your life essence.
You have superior vitality. (+4 MHP)


Message History

Confirm with . or Enter, or press ? or * to list all spells.
Aiming: Freezing Cloud (dangerous; 4% risk of failure)
Press: ? - help, Dir - move target, f - Jorgrun
Aim: Jorgrun, wielding a staff of earth and wearing a +2 robe of fire resistance (lightly wounded, unusually resistant, ally target)
Okay, then.
Casting: Freezing Cloud (dangerous; 4% risk of failure)
Confirm with . or Enter, or press ? or * to list all spells.
You can't see any susceptible monsters within range! (Use Z to cast anyway.) Unknown command.
Casting: Freezing Cloud (dangerous; 4% risk of failure)
Confirm with . or Enter, or press ? or * to list all spells.
Aiming: Mephitic Cloud (safe; 1% risk of failure)
Press: ? - help, Shift-Dir - straight line The ball explodes into a vile cloud!
The stinking cloud engulfs your mana viper but does no damage.
The stinking cloud engulfs Jorgrun but does no damage.
Jorgrun is lightly wounded.
Your mana viper bites Jorgrun.
Jorgrun's magic leaks into the air.
Jorgrun gestures at you while chanting. The iron shot hits your mana viper!!
The grasping roots constrict you!
Your mana viper bites Jorgrun!
Jorgrun's magic leaks into the air.
Your mana viper bites Jorgrun!!
Jorgrun's magic leaks into the air.
The grasping roots constrict you!
* * * LOW HITPOINT WARNING * * *
You feel much better.
Your mana viper bites Jorgrun.
Jorgrun's magic leaks into the air.
The grasping roots constrict you!
* * * LOW HITPOINT WARNING * * *
An orc sorcerer comes into view. It is wielding a +0 dagger.
Okay, then.
As you read the scroll of fear, it crumbles to dust.
You assume a fearsome visage.
Jorgrun resists with some effort.
The orc sorcerer looks frightened!
Your mana viper bites Jorgrun.
Jorgrun's magic leaks into the air.
Your mana viper bites Jorgrun.
Jorgrun's magic leaks into the air.
Jorgrun resists.
The wall freezes Jorgrun!
Jorgrun hits you with a staff of earth!
* * * LOW HITPOINT WARNING * * *
Jorgrun shatters you!
* * * LOW HITPOINT WARNING * * *
The grasping roots constrict you!
You die...

#.....###..#.##
##...## ......
##.....#
##.....§§§#
##....##§§§o
#....☼#§§§§.
##...○○S...
###..g☼#
##.#@## #.....#
#....## ##.###
###


You could see Jorgrun (resistant, ally target, magic disrupted), an orc sorcerer
(fleeing) and a friendly mana viper (summoned).

Vanquished Creatures
  Josephine (Lair:5)
  3 hydras
  A merfolk avatar (Lair:5)
  A catoblepas (D:9)
  9 death yaks
  A boulder beetle (Lair:5)
  Urug (Lair:4)
  A deep elf pyromancer (D:10)
  A cyclops (D:11)
  An oklob plant (Lair:4)
  A will-o-the-wisp (Lair:2)
  3 manticores
  3 elephants
  5 black mambas
  15 cane toads
  A torpor snail (Lair:3)
  9 rime drakes
  7 komodo dragons
  4 trolls
  A nameless horror (Lair:5)
  2 wind drakes (Lair:5)
  2 hornets
  4 blink frogs (Lair:5)
  Grinder (D:5)
  9 dream sheep
  2 shadows (D:8)
  4 wraiths (Lair:5)
  2 vampires
  9 wyverns
  34 yaks
  3 basilisks (Lair:4)
  4 vampire mosquitoes (D:11)
  5 steam dragons
  Edmund (D:5)
  12 water moccasins
  2 black bears
  4 ice beasts
  7 orc warriors
  17 wolves
  2 sky beasts (D:6)
  2 ogres
  2 centaurs
  A phantom (D:6)
  4 kobold brigands
  11 bullfrogs
  3 gnoll sergeants
  A scorpion (D:5)
  5 wights
  13 killer bees
  6 howler monkeys
  6 electric eels (D:10)
  5 orc priests
  5 hounds
  2 jellies
  Jessica (D:1)
  An iguana (D:2)
  Ijyb (D:3)
  11 orc wizards
  4 hell rats (Lair:4)
  15 gnolls
  4 adders
  3 white imps
  An ufetubus (D:4)
  A worm (D:2)
  5 dart slugs
  28 orcs
  5 ball pythons
  8 bats
  9 endoplasms
  3 giant cockroaches
  12 goblins
  11 hobgoblins
  7 jackals
  12 kobolds
  5 quokkas
  2 frilled lizards
  8 rats
  A foxfire (D:8)
419 creatures vanquished.

Vanquished Creatures (collateral kills)
  Gastronok (D:11)
  A hydra (Lair:4)
  A catoblepas (Lair:5)
  A boulder beetle (D:11)
  A harpy (Lair:5)
  A manticore (Lair:4)
  A black mamba (Lair:4)
  An elephant (Lair:4)
  A torpor snail (Lair:5)
  A cane toad (Lair:5)
  2 rime drakes
  A komodo dragon (Lair:4)
  A wind drake (Lair:5)
  A snapping turtle (Lair:5)
  A blink frog (Lair:5)
  A wraith (Lair:5)
  A shadow (D:11)
  5 yaks
  3 wyverns
  5 basilisks (Lair:4)
  A steam dragon (Lair:5)
  A warg (Orc:1)
  A water moccasin (Lair:5)
  2 orc warriors
  A wolf (Lair:4)
  An ogre (D:5)
  A nameless horror (Lair:5)
  4 killer bees (D:9)
  2 orc priests
  A jelly (Lair:5)
  A hell rat (Lair:4)
  2 orc wizards (D:8)
  A gnoll (D:7)
  2 orcs (D:11)
  9 foxfires
61 creatures vanquished.

Vanquished Creatures (others)
  808 foxfires
  43 fungi
  72 plants
923 creatures vanquished.

Grand Total: 1403 creatures vanquished

Notes
Turn   | Place    | Note
-------+----------+-------------------------------------------
     0 | D:1      | billz999 the Djinni Ice Elementalist began the quest for
                  | the Orb.
     0 | D:1      | billz999 set off with the following spells memorised:
                  | Freeze, Frozen Ramparts, Ozocubu's Armour, Summon Ice
                  | Beast.
     0 | D:1      | Reached XP level 1. HP: 15/15 MP: 0/0
   177 | D:1      | Reached XP level 2. HP: 8/21 MP: 0/0
   697 | D:1      | Found Losexkos's Distillery.
   702 | D:1      | Bought a potion of heal wounds for 55 gold pieces
   906 | D:1      | Reached XP level 3. HP: 22/25 MP: 0/0
   906 | D:1      | Learned a level 1 spell: Foxfire
  1018 | D:1      | Found Tonerria's Weapon Shop.
  1175 | D:2      | Noticed Jessica
  1315 | D:1      | Killed Jessica
  1316 | D:1      | Reached XP level 4. HP: 16/31 MP: 0/0
  1605 | D:2      | Found a faded altar of an unknown god.
  1723 | D:2      | Reached XP level 5. HP: 25/35 MP: 0/0
  1723 | D:2      | Learned a level 2 spell: Passwall
  2114 | D:2      | Reached skill level 5 in Spellcasting
  2793 | D:3      | Noticed Ijyb
  2798 | D:3      | Killed Ijyb
  2799 | D:3      | Reached XP level 6. HP: 29/40 MP: 0/0
  2907 | D:3      | Found a bloodstained altar of Trog.
  4403 | D:5      | Entered Level 5 of the Dungeon
  4592 | D:5      | Noticed Grinder
  4601 | D:5      | Killed Grinder
  4602 | D:5      | Reached XP level 7. HP: 13/50 MP: 0/0
  4602 | D:5      | Learned a level 3 spell: Mephitic Cloud
  4852 | D:5      | Noticed Edmund
  4865 | D:5      | Killed Edmund
  5033 | D:5      | Reached skill level 1 in Maces & Flails
  5126 | D:5      | Reached skill level 2 in Maces & Flails
  5126 | D:5      | Reached XP level 8. HP: 54/58 MP: 0/0
  5185 | D:5      | Reached skill level 3 in Maces & Flails
  5579 | D:6      | Found Vumua's Weapon Emporium.
  5673 | D:6      | Found a white marble altar of Elyvilon.
  5687 | D:6      | Found a broken altar of Ashenzari.
  5722 | D:6      | Reached skill level 4 in Maces & Flails
  5821 | D:6      | Found a staircase to the Ecumenical Temple.
  5828 | Temple   | Entered the Ecumenical Temple
  5915 | Temple   | Became a worshipper of Makhleb the Destroyer
  6106 | D:6      | Reached skill level 5 in Maces & Flails
  6203 | D:6      | Found a hide-covered altar of Uskayaw.
  6263 | D:6      | Noticed a wyvern
  6270 | D:6      | Killed a wyvern
  6271 | D:6      | Reached XP level 9. HP: 57/62 MP: 0/0
  6271 | D:6      | Learned a level 3 spell: Summon Guardian Golem
  6301 | D:6      | Reached skill level 6 in Maces & Flails
  6679 | D:7      | Identified the +2 short sword of Zemayracwi {venom, Str+3}
  6821 | D:7      | Reached skill level 7 in Maces & Flails
  6962 | D:7      | Found a glowing silver altar of Zin.
  6985 | D:7      | Reached * piety under Makhleb
  7052 | D:7      | HP: 1/62 [wight/+3 long sword (15)]
  7421 | D:7      | Reached skill level 8 in Maces & Flails
  7855 | D:8      | Reached XP level 10. HP: 63/67 MP: 0/0
  7935 | D:8      | Reached skill level 9 in Maces & Flails
  8518 | D:8      | Reached skill level 10 in Maces & Flails
  8538 | D:8      | Reached ** piety under Makhleb
  8602 | D:8      | Found the +5 robe of Night {Dark Will+ SInv}
  8753 | D:8      | Found a shadowy altar of Dithmenos.
  9101 | D:9      | Reached skill level 11 in Maces & Flails
  9161 | D:9      | Found an ornate altar of the Wu Jian Council.
  9213 | D:9      | Noticed a catoblepas
  9258 | D:9      | Reached XP level 11. HP: 55/74 MP: 0/0
  9258 | D:9      | Learned a level 5 spell: Freezing Cloud
  9280 | D:9      | HP: 1/74 [centaur/arrow (15)]
  9518 | D:9      | Killed a catoblepas
  9519 | D:9      | Reached skill level 5 in Fighting
 10141 | D:9      | Found a staircase to the Lair.
 10194 | D:9      | Reached skill level 12 in Maces & Flails
 10433 | D:9      | Found Gozag's Platinum Reserve.
 10437 | D:9      | Found an opulent altar of Gozag.
 10677 | Lair:1   | Entered Level 1 of the Lair of Beasts
 10724 | Lair:1   | Reached *** piety under Makhleb
 11524 | Lair:1   | Reached XP level 12. HP: 78/85 MP: 0/0
 11681 | Lair:2   | Reached skill level 13 in Maces & Flails
 12769 | Lair:2   | Found a staircase to the Swamp.
 13223 | Lair:3   | Reached skill level 1 in Invocations
 13230 | Lair:3   | Reached **** piety under Makhleb
 13526 | Lair:3   | Found a hole to the Spider Nest.
 13586 | Lair:3   | Noticed a five-headed hydra
 13599 | Lair:3   | Killed a five-headed hydra
 13704 | Lair:3   | Reached skill level 14 in Maces & Flails
 14187 | Lair:4   | Noticed Urug
 14195 | Lair:4   | Killed Urug
 14198 | Lair:4   | Reached XP level 13. HP: 10/94 MP: 0/0
 14198 | Lair:4   | Learned a level 5 spell: Summon Mana Viper
 14712 | Lair:4   | Reached skill level 5 in Invocations
 15069 | Lair:4   | Reached skill level 10 in Fighting
 15142 | Lair:4   | Noticed a five-headed hydra
 15147 | Lair:4   | Killed a five-headed hydra
 15183 | Lair:4   | Noticed an eight-headed hydra
 15187 | Lair:4   | Killed an eight-headed hydra
 15242 | Lair:4   | Reached ***** piety under Makhleb
 15648 | Lair:4   | Reached skill level 5 in Stealth
 16102 | Lair:4   | Identified the ring "Riudwab" {rN+++ EV+5 Str+4 Dex-5}
 16397 | Lair:5   | Entered Level 5 of the Lair of Beasts
 16397 | Lair:5   | Noticed a catoblepas
 16404 | Lair:5   | Killed a catoblepas
 16420 | Lair:5   | Reached XP level 14. HP: 50/105 MP: 0/0
 16631 | Lair:5   | Noticed Josephine
 16634 | Lair:5   | Killed Josephine
 18691 | Lair:5   | Found a staircase to the Slime Pits.
 18691 | Lair:5   | Found a viscous altar of Jiyva.
 19692 | D:10     | Entered Level 10 of the Dungeon
 19739 | D:10     | Reached skill level 10 in Stealth
 19990 | D:10     | Found a glowing golden altar of the Shining One.
 20088 | D:10     | Found a sparkling altar of Nemelex Xobeh.
 20304 | D:10     | Found an iron altar of Okawaru.
 20479 | D:10     | Reached ****** piety under Makhleb
 21686 | D:11     | Reached XP level 15. HP: 103/113 MP: 0/0
 21686 | D:11     | Learned a level 6 spell: Eringya's Noxious Bog
 21715 | D:11     | Noticed Gastronok
 21722 | D:11     | Killed Gastronok
 22123 | D:11     | Found a staircase to the Orcish Mines.
 22334 | Orc:1    | Entered Level 1 of the Orcish Mines
 22652 | Orc:1    | Noticed Jorgrun
 22659 | Orc:1    | Constricted to death by Jorgrun

Illustrated notes

Levels and vault maps discovered:
D:1:      dpeg_chamrin_arrival_tetris, layout_loops_corners, serial_shops,
          nicolae_shop_bloodbath_and_beyond, shop
D:2:      layout_loops_ring, ebering_ecumenical_altar_webs, uniq_jessica
D:3:      layout_loops_ring, mainiacjoe_overflow_alcove_2,
          minmay_joined_circles, uniq_ijyb
D:4:      layout_layer_cave, dreamdust_gnoll_farm
D:5:      layout_gridville, lemuel_coloured_pillars_altar, uniq_grinder,
          uniq_edmund
D:6:      layout_cave_pools, elyvilon_altar_4, mainiacjoe_overflow_chevrons,
          mainiacjoe_overflow_paths, cheibrodos_ashenzari_chains,
          minmay_temple_entry_steel_oval, nicolae_stop_n_shop_2,
          minmay_ogre_servants
D:7:      layout_cave_pools, zin_treasury
D:8:      minmay_spotlight, layout_loops_cross, overflow_temple_1_default,
          nrook_loot_triangle, grunt_ministairs_8, hellmonk_guarded_unrand_night
D:9:      minmay_clustersquares, layout_irregular_city,
          nicolae_gozag_zags_fifth_avenue, pdpol_wu_jian_five_deadly_venoms,
          erik_lair_island
D:10:     layout_irregular_city, kennysheep_okawaru_gauntlet,
          mainiacjoe_overflow_six_doors_small, lemuel_round_altar,
          serial_bayou_lake_a
D:11:     layout_loops_ring, david_orc_4, uniq_gastronok
D:12:     layout_roguey, portal_ice_cave_entry_ice_simulacra, uniq_erolcha
Temple:   hellmonk_temple_beads
Lair:1:   layout_gridlike, fungi_pond_lemuel, grunt_megastairs_2,
          infiniplex_staircase_pool_2
Lair:2:   layout_cave_pods, minmay_swamp_entry_wisps, lemuel_fruit_tree
Lair:3:   layout_roguey, spider_nest_entry_web_field, patterned_corridor
Lair:4:   layout_misc_corridors, special_room [special_room_mythical_zoo],
          uniq_urug
Lair:5:   gammafunk_lair_ancient_temple, layout_regular_city,
          nicolae_slime_entry_slimehenge, uniq_josephine
Orc:1:    layout_caves, uniq_jorgrun

Skill      XL: |  1  2  3  4  5  6  7  8  9 10 11 12 13 14 15 |
---------------+----------------------------------------------+-----
Spellcasting   | 4 5 6 7 |  7.6
Fighting       | 3 4 7 9 11 12 | 12.5
Maces & Flails | 2 5 8 11 12 14 | 14.0
Invocations    | 4 6 |  6.0
Stealth        | 6 10 | 10.0
Dodging        | |  2.1

Action                   |  1- 3 |  4- 6 |  7- 9 | 10-12 | 13-15 || total
-------------------------+-------+-------+-------+-------+-------++-------
Melee: Dagger            |    15 |    12 |       |       |       ||    27
       Punch             |       |     1 |       |       |     3 ||     4
       Flail             |       |       |    23 |    81 |   131 ||   235
 Cast: Freeze            |    30 |    35 |    11 |    13 |    21 ||   110
       Frozen Ramparts   |     3 |    14 |    13 |    28 |    45 ||   103
       Foxfire           |       |    66 |   134 |   204 |    91 ||   495
       Summon Ice Beast  |       |       |     7 |     6 |       ||    13
       Mephitic Cloud    |       |       |     2 |    22 |    68 ||    92
       Ozocubu's Armour  |       |       |     2 |     1 |     2 ||     5
       Freezing Cloud    |       |       |       |    71 |   109 ||   180
       Summon Mana Viper |       |       |       |       |    55 ||    55
Evoke: Wand              |       |       |     3 |     4 |     8 ||    15
  Use: Scroll            |       |     7 |     5 |     3 |     2 ||    17
       Potion            |       |       |     1 |     3 |     2 ||     6
 Stab: Sleeping          |       |     1 |       |       |       ||     1
       Paralysed         |       |       |     1 |       |       ||     1
       Confused          |       |       |       |     3 |    13 ||    16
       Petrifying        |       |       |       |       |     1 ||     1
Armor: Robe              |     8 |     5 |     2 |     8 |    47 ||    70
Dodge: Dodged            |    26 |    23 |    33 |    43 |   118 ||   243

Table legend: (Time is in decaauts)
 A = Elapsed time spent in this place.
 B = Non-inter-level travel time spent in this place.
 C = Inter-level travel time spent in this place.
 D = Time resting spent in this place.
 E = Time spent auto-exploring this place.
 F = Levels seen in this place.
 G = Mean time per level.
                   A        B        C        D        E       F      G
               +--------+--------+--------+--------+--------+-----+--------+
         Total |  22720 |  21829 |    891 |   3094 |  15977 |  19 | 1195.8 |
       Dungeon |  13354 |  12867 |    487 |   1301 |   9914 |  12 | 1112.8 |
        Temple |    124 |    103 |     21 |      0 |     93 |   1 |  124.0 |
          Lair |   8916 |   8534 |    382 |   1793 |   5704 |   5 | 1783.2 |
  Orcish Mines |    324 |    324 |      0 |      0 |    266 |   1 |  324.0 |
               +--------+--------+--------+--------+--------+-----+--------+

Top non-repeatable levels by time:
  Lair:5: 2789 daAuts
  Lair:4: 2202 daAuts
  Lair:2: 1602 daAuts
     D:8: 1479 daAuts
     D:9: 1441 daAuts
    D:11: 1409 daAuts
     D:1: 1374 daAuts
     D:4: 1320 daAuts
  Lair:3: 1285 daAuts
     D:7: 1244 daAuts
    D:10: 1229 daAuts
     D:5: 1180 daAuts
  Lair:1: 1036 daAuts
     D:6: 964 daAuts
     D:3: 861 daAuts
